 Dungeon Crawl Stone Soup version 0.20.1-1-g8b1a95d (webtiles) character file.

1199 Jannitor the Skirmisher (level 8, -1/44 HPs)
             Began as a Vine Stalker Chaos Knight on Sept 23, 2017.
             Slain by Pikel
             ... wielding a +0 whip of freezing
              (2 damage)
             ... on level 5 of the Dungeon.
             The game lasted 00:06:51 (3414 turns).

Jannitor the Skirmisher (Vine Stalker Chaos Knight) Turns: 3414, Time: 00:06:51

Health: -1/44      AC:  4    Str: 16    XL:     8   Next: 44%
Magic:  0/9        EV: 15    Int: 12    God:    Xom [..*...]
Gold:   213        SH:  0    Dex: 15    Spells: 7/7 levels left

rFire    . . .     SeeInvis .   a - +0 falchion (chaos)
rCold    + . .     Gourm    .   (no shield)
rNeg     + . .     Faith    .   d - +2 robe {rN+}
rPois    .         Spirit   +   (no helmet)
rElec    .         Reflect  .   (no cloak)
rCorr    .         Harm     .   (no gloves)
MR       ++...                  (no boots)
Stlth    +.........             n - amulet of regeneration
Regen    1.0/turn               (no ring)
MPRegen  0.2/turn               (no ring)

@: no status effects
A: fangs 3, cold resistance 1, magic resistance 1, regeneration 1, magic shield,
antimagic bite, no potion heal 3, rot immunity
a: Renounce Religion


You were on level 5 of the Dungeon.
You worshipped Xom.
You were a toy of Xom.
You were near starving.

You visited 1 branch of the dungeon, and saw 5 of its levels.
You also visited: Ossuary.

You collected 213 gold pieces.

Inventory:

Hand Weapons
 a - a +0 falchion of chaos (weapon)
Missiles
 q - a throwing net (quivered)
Armour
 b - a +3 leather armour
 d - a +2 robe of positive energy (worn)
Jewellery
 n - an amulet of regeneration (around neck)
 s - a cursed -2 ring of strength {unknown}
Wands
 i - a wand of acid (6/15)
 o - a wand of paralysis (0/24)
Scrolls
 k - a scroll of amnesia {unknown}
 u - 2 scrolls of identify
Potions
 e - 2 potions of curing {unknown}
 f - a potion of cancellation {unknown}
 j - a potion of invisibility {unknown}
 l - a potion of experience {unknown}
 m - a potion of ambrosia {unknown}
 p - a potion of might {unknown}
 t - 2 potions of heal wounds
 v - 2 potions of degeneration {unknown}
Comestibles
 c - 3 bread rations
 g - 8 fruits
 h - 2 royal jellies


   Skills:
 + Level 5.8 Fighting
 + Level 5.8 Long Blades
 - Level 1.5 Armour
 + Level 4.6 Dodging


You had 7 spell levels left.
You didn't know any spells.

Dungeon Overview and Level Annotations

Branches:
Dungeon (5/15)
 Temple: D:4-7

Altars:
Fedhas
Uskayaw
Vehumet
Yredelemnul

Annotations:
D:5 Pikel


Innate Abilities, Weirdness & Mutations

You have razor-sharp teeth.
Your natural rate of healing is unusually fast.
When hurt, damage is shared between your health and your magic reserves.
Your bite disrupts and absorbs the magic of your enemies.
Potions cannot restore your health.
You are immune to rotting.
Your flesh is cold resistant. (rC+)
You are resistant to hostile enchantments. (MR+)


Message History

Pikel looks more healthy.
Pikel waves his whip at you. Pikel closely misses you.
The giant cockroach barely misses you.
Unknown command.
Unknown command.
Evoke which item? (* to show all) (? for menu, Esc to quit)
Aiming: Corrosive Bolt (will waste charges)
Press: ? - help, Shift-Dir - straight line, f/p - Pikel
Aim: Pikel, wielding a whip of freezing and wearing a robe (heavily wounded, fast, covered in acid)
The bolt of acid hits Pikel.
Pikel is splashed with acid.
The acid corrodes Pikel!
Pikel is almost dead.
The bolt of acid hits the slave.
The slave is splashed with acid.
The slave is heavily wounded.
Evoking this partially-identified wand wasted a few charges.
Pikel hits you with a whip of freezing!
* * * LOW HITPOINT WARNING * * *
Pikel freezes you.
You die...
Xom snickers!

, ....pp, #..####...#
, ...o#* *...##...# *
,,**#.o##*#...#...###
* *#p###......... *,*
#..###....#.# *,*
##..(....8..# ** .**
##.op......# *#.*
##K##8...8#
#..*###@........#
##..##.s......8..#
.......#...#######
.......#..## ,
.......#..#
...#.....#
...##....####
...##....##.#
..........##


You could see Pikel, a slave, an orc and a giant cockroach.

Vanquished Creatures
  The ghost of letownia the Insei, an amateur OpTm (D:4)
  Sigmund (D:3)
  A phantom (D:4)
  2 ogres (D:4)
  An elf zombie (Ossuary)
  A howler monkey (D:4)
  3 centaur zombies (Ossuary)
  A hound (D:5)
  An orc priest (D:5)
  A human zombie (Ossuary)
  An iguana (D:5)
  An orc wizard (D:4)
  A worker ant (D:4)
  A hound zombie (Ossuary)
  3 mummies (Ossuary)
  3 gnolls (D:3)
  4 adders
  An adder zombie (Ossuary)
  2 worms
  A dart slug (D:3)
  3 leopard geckos
  8 orcs
  6 bats
  3 giant cockroaches
  2 gnoll zombies (Ossuary)
  7 hobgoblins
  4 quokkas
  2 ball pythons (D:4)
  A ball python skeleton (D:4)
  7 frilled lizards
  6 goblins
  5 goblin zombies (Ossuary)
  7 hobgoblin zombies (Ossuary)
  5 jackal zombies (Ossuary)
  9 kobolds
  4 kobold zombies (Ossuary)
  An orc zombie (Ossuary)
  A quokka skeleton (D:4)
  4 quokka zombies (Ossuary)
  A rat (shapeshifter) (D:1)
  12 rats
129 creatures vanquished.

Notes
Turn   | Place    | Note
-------+----------+-------------------------------------------
     0 | D:1      | Jannitor the Vine Stalker Chaos Knight began the quest for the Orb.
     0 | D:1      | Reached XP level 1. HP: 11/11 MP: 2/2
    18 | D:1      | Gained mutation: You are clumsy. (Dex -2) [mutagenic meat]
    20 | D:1      | Gained mutation: You are robust. (+10% HP) [mutagenic meat]
    21 | D:1      | Gained mutation: Your magical capacity is low. (-10% MP) [mutagenic meat]
    79 | D:1      | Reached skill level 1 in Dodging
   158 | D:1      | XOM: harmless Tmut miscast
   309 | D:1      | Reached XP level 2. HP: 17/17 MP: 2/2
   839 | D:2      | Found a blossoming altar of Fedhas.
   889 | D:2      | Found a hide-covered altar of Uskayaw.
   958 | D:2      | Reached XP level 3. HP: 22/22 MP: 3/3
  1364 | D:3      | Noticed Sigmund
  1364 | D:3      | XOM: harmless Summ miscast
  1365 | D:3      | XOM: potion effect (invisibility)
  1370 | D:3      | Killed Sigmund
  1370 | D:3      | Gained mutation: Your natural rate of healing is unusually fast. [Vine Stalker growth]
  1370 | D:3      | Reached XP level 4. HP: 27/27 MP: 4/4
  1370 | D:3      | Reached XP level 5. HP: 31/31 MP: 5/5
  1421 | D:3      | XOM: potion effect (invisibility)
  1426 | D:3      | Reached XP level 6. HP: 36/36 MP: 6/6
  1500 | D:3      | XOM: harmless Hex miscast
  1575 | D:3      | Found a radiant altar of Vehumet.
  1737 | D:3      | XOM: divination: detect items
  2044 | D:3      | XOM: harmless Summ miscast
  2114 | D:3      | XOM: harmless Pois miscast
  2238 | D:4      | XOM: divination: detect items
  2430 | D:4      | XOM: butterfly on damage
  2433 | D:4      | Lost mutation: Your magical capacity is low. (-10% MP) [potion of mutation]
  2433 | D:4      | Lost mutation: You are clumsy. (Dex -2) [potion of mutation]
  2433 | D:4      | Lost mutation: You are robust. (+10% HP) [potion of mutation]
  2433 | D:4      | Gained mutation: Your flesh is cold resistant. (rC+) [potion of mutation]
  2433 | D:4      | Gained mutation: You are resistant to hostile enchantments. (MR+) [potion of mutation]
  2442 | D:4      | Reached XP level 7. HP: 29/38 MP: 8/8
  2562 | D:4      | Reached skill level 5 in Long Blades
  2613 | D:4      | Reached skill level 5 in Fighting
  2643 | D:4      | Found a basalt altar of Yredelemnul.
  2894 | D:4      | Noticed letownia's ghost (amateur OpTm)
  2912 | D:4      | Killed letownia's ghost
  2912 | D:4      | Gained mutation: You have razor-sharp teeth. [Vine Stalker growth]
  2912 | D:4      | Reached XP level 8. HP: 34/43 MP: 9/9
  3004 | D:5      | Entered Level 5 of the Dungeon
  3047 | D:5      | XOM: harmless Summ miscast
  3093 | D:5      | Found a sand-covered staircase.
  3102 | Ossuary  | Entered an ossuary
  3312 | Ossuary  | XOM: divination: detect items
  3314 | Ossuary  | XOM: divination: detect items
  3385 | D:5      | Noticed Pikel
  3396 | D:5      | XOM: divination: magic mapping
  3414 | D:5      | HP: 1/44 [Pikel/whip of freezing (6)]
  3414 | D:5      | Slain by Pikel

Skill      XL: |  1  2  3  4  5  6  7 |
---------------+----------------------+-----
Dodging        | 1 2 3 4 |  4.6
Long Blades    | 3 4 5 |  5.8
Fighting       | 3 4 5 |  5.8
Armour         | |  1.5

Action                   |  1- 3 |  4- 6 |  7- 9 || total
-------------------------+-------+-------+-------++-------
Melee: Falchion          |   102 |   106 |   185 ||   393
       Bite              |    29 |    28 |    63 ||   120
Evoke: Wand              |       |     2 |     5 ||     7
  Use: Potion            |     1 |     1 |     1 ||     3
       Scroll            |       |       |     4 ||     4
 Stab: Paralysed         |     1 |     4 |     3 ||     8
       Invisible         |     2 |     8 |       ||    10
       Confused          |       |     1 |     2 ||     3
       Sleeping          |       |     1 |     2 ||     3
  Eat: Chunk             |     5 |     4 |     2 ||    11
Armor: Leather armour    |    35 |     1 |       ||    36
       Robe              |       |    19 |    26 ||    45
Dodge: Dodged            |    62 |    67 |   100 ||   229
       Rpst.: Falchion   |    16 |    25 |    29 ||    70
